[ AOE2 MATCH · #506228552 ]
UnrankedGoths vs Dravidians
Player's team · LOSS
Rival team · WIN
[ REPLAY ANALYSIS · EXTRACTED FROM THE RECORDED GAME ]
Feudal
8:08
Castle
20:04
Imperial
—
| APM avg | 17.8 |
| APM peak | 29 |
| eAPM avg | 13.8 |
| Villagers / military | 40 / 2 |
Focus
⚔️ 23.3% · 🌾 76.7%
Knight ×2
Feudal
10:10
Castle
14:10
Imperial
—
| APM avg | 40.8 |
| APM peak | 73 |
| eAPM avg | 18.0 |
| Villagers / military | 38 / 13 |
Focus
⚔️ 30.8% · 🌾 69.2%
Scorpion ×5 · Monk ×3 · Spearman ×3 · Armored Elephant ×2
Match map
Initial resources + every placement click. Lines = walls · curves = elevation contours. ◆ gold · ⬟ stone · ● berries · ✦ relic · ◌ wall gap
Your base· ✓ Closed at 20:04 · 0t walls · 3 gate(s)
Ode's base· ✓ Closed at 14:10 · 30t walls · 4 gate(s)
Smoothed initial terrain · ◌ = detected wall gap · hover for details
Inputs per minute
— jj1471 - - Ode
Build order — jj1471
88 actions detected in the replay
| 0:01 | Queue | Villager (Male) |
| 0:01 | Queue | Villager (Male) |
| 0:02 | Queue | Villager (Male) |
| 0:02 | Build | House |
| 0:04 | Build | House |
| 1:12 | Queue | Villager (Male) |
| 1:31 | Queue | Villager (Male) |
| 1:50 | Build | Lumber Camp |
| 1:55 | Queue | Villager (Male) |
| 2:25 | Queue | Villager (Male) |
| 2:46 | Queue | Villager (Male) |
| 2:47 | Queue | Villager (Male) |
| 3:01 | Build | House |
| 3:08 | Build | House |
| 3:15 | Queue | Villager (Male) |
| 4:01 | Queue | Villager (Male) |
| 4:20 | Build | Mill |
| 4:28 | Queue | Villager (Male) |
| 4:29 | Queue | Villager (Male) |
| 4:29 | Queue | Villager (Male) |
| 4:29 | Queue | Villager (Male) |
| 4:56 | Research | Loom |
| 5:58 | Research | Feudal Age |
| 6:41 | Build | Mining Camp |
| 7:13 | Build | House |
| 7:19 | Queue | Villager (Male) |
| 8:08 | Age | Feudal Age |
| 8:13 | Build | Watch Tower |
| 8:19 | Research | Double-Bit Axe |
| 8:21 | Queue | Villager (Male) |
| 8:39 | Build | House |
| 8:40 | Build | House |
| 8:43 | Queue | Villager (Male) |
| 9:02 | Queue | Villager (Male) |
| 9:28 | Queue | Villager (Male) |
| 9:45 | Queue | Villager (Male) |
| 10:10 | Build | Farm |
| 10:13 | Queue | Villager (Male) |
| 10:18 | Build | Farm |
| 10:33 | Build | Farm |
| 10:37 | Queue | Villager (Male) |
| 10:53 | Build | Watch Tower |
| 11:04 | Build | House |
| 11:05 | Build | House |
| 11:08 | Queue | Villager (Male) |
| 11:34 | Queue | Villager (Male) |
| 11:45 | Queue | Villager (Male) |
| 11:56 | Build | Blacksmith |
| 12:26 | Queue | Villager (Male) |
| 12:36 | Build | Farm |
| 12:41 | Research | Fletching |
| 12:54 | Queue | Villager (Male) |
| 12:57 | Build | Farm |
| 13:14 | Research | Wheelbarrow |
| 13:27 | Queue | Villager (Male) |
| 13:37 | Build | Watch Tower |
| 13:46 | Build | Farm |
| 14:30 | Build | Mining Camp |
| 14:40 | Build | Market |
| 14:44 | Queue | Villager (Male) |
| 15:08 | Build | Watch Tower |
| 15:13 | Queue | Villager (Male) |
| 15:19 | Build | Farm |
| 15:40 | Queue | Villager (Male) |
| 15:54 | Build | House |
| 15:55 | Build | House |
| 16:05 | Queue | Villager (Male) |
| 16:09 | Build | Farm |
| 16:15 | Build | House |
| 16:33 | Queue | Villager (Male) |
| 16:52 | Build | Mining Camp |
| 17:24 | Research | Castle Age |
| 17:43 | Research | Horse Collar |
| 18:46 | Build | Farm |
| 19:14 | Build | Barracks |
| 19:44 | Queue | Villager (Male) |
| 20:00 | Build | Stable |
| 20:04 | Age | Castle Age |
| 20:10 | Queue | Villager (Male) |
| 20:22 | Research | Bow Saw |
| 20:40 | Queue | Knight |
| 20:42 | Queue | Villager (Male) |
| 21:10 | Build | Castle |
| 21:15 | Queue | Knight |
| 21:21 | Queue | Villager (Male) |
| 21:27 | Build | Farm |
| 21:31 | Queue | Villager (Male) |
| 22:09 | Queue | Villager (Male) |
Build order — Ode
106 actions detected in the replay
| 0:00 | Queue | Villager (Male) |
| 0:00 | Queue | Villager (Male) |
| 0:01 | Queue | Villager (Male) |
| 0:01 | Queue | Villager (Male) |
| 0:03 | Build | House |
| 0:04 | Build | House |
| 1:39 | Queue | Villager (Male) |
| 1:55 | Build | Lumber Camp |
| 2:09 | Queue | Villager (Male) |
| 2:18 | Queue | Villager (Male) |
| 2:47 | Queue | Villager (Male) |
| 3:06 | Queue | Villager (Male) |
| 3:23 | Queue | Villager (Male) |
| 3:58 | Build | House |
| 3:58 | Build | House |
| 4:01 | Queue | Villager (Male) |
| 4:19 | Queue | Villager (Male) |
| 4:43 | Build | Mill |
| 4:57 | Queue | Villager (Male) |
| 4:57 | Queue | Villager (Male) |
| 4:57 | Queue | Villager (Male) |
| 5:11 | Queue | Villager (Male) |
| 5:55 | Queue | Villager (Male) |
| 6:00 | Build | Farm |
| 6:02 | Build | Farm |
| 6:36 | Build | Farm |
| 6:57 | Queue | Villager (Male) |
| 6:59 | Queue | Villager (Male) |
| 7:46 | Build | Mining Camp |
| 7:55 | Research | Feudal Age |
| 8:44 | Build | Palisade Wall |
| 8:46 | Build | Palisade Wall |
| 8:49 | Build | Palisade Wall |
| 8:56 | Build | Palisade Wall |
| 9:00 | Build | Palisade Wall |
| 9:01 | Queue | Villager (Male) |
| 9:32 | Build | Palisade Wall |
| 10:10 | Age | Feudal Age |
| 10:19 | Build | Market |
| 10:26 | Build | Blacksmith |
| 11:22 | Build | Watch Tower |
| 11:30 | Research | Castle Age |
| 11:53 | Build | Stone Wall |
| 11:54 | Build | Stone Wall |
| 12:08 | Build | Palisade Gate |
| 12:14 | Build | Gate |
| 12:21 | Build | Stone Wall |
| 12:54 | Research | Loom |
| 13:55 | Build | Mining Camp |
| 14:10 | Age | Castle Age |
| 14:17 | Build | Siege Workshop |
| 14:30 | Build | Farm |
| 14:32 | Queue | Villager (Male) |
| 14:37 | Research | Double-Bit Axe |
| 14:47 | Queue | Villager (Male) |
| 14:54 | Queue | Scorpion |
| 15:01 | Build | Farm |
| 15:22 | Queue | Armored Elephant |
| 15:42 | Queue | Scorpion |
| 15:45 | Queue | Villager (Male) |
| 15:51 | Build | House |
| 16:05 | Build | Monastery |
| 16:15 | Build | House |
| 16:19 | Build | House |
| 16:27 | Queue | Scorpion |
| 16:28 | Queue | Villager (Male) |
| 16:47 | Build | Farm |
| 17:04 | Build | Farm |
| 17:07 | Queue | Villager (Male) |
| 17:15 | Queue | Armored Elephant |
| 17:18 | Build | Farm |
| 17:21 | Queue | Villager (Male) |
| 17:33 | Build | Farm |
| 17:38 | Build | Farm |
| 17:45 | Queue | Villager (Male) |
| 17:50 | Queue | Scorpion |
| 18:33 | Build | House |
| 18:37 | Queue | Villager (Male) |
| 18:37 | Queue | Villager (Male) |
| 18:47 | Queue | Villager (Male) |
| 18:52 | Build | Mining Camp |
| 19:01 | Build | Stone Wall |
| 19:11 | Build | Farm |
| 19:11 | Queue | Villager (Male) |
| 19:33 | Build | Barracks |
| 19:39 | Queue | Villager (Male) |
| 19:41 | Queue | Monk |
| 19:41 | Queue | Monk |
| 19:45 | Build | Farm |
| 19:50 | Build | Farm |
| 20:05 | Build | Lumber Camp |
| 20:13 | Queue | Villager (Male) |
| 20:28 | Build | Outpost |
| 20:35 | Queue | Monk |
| 20:43 | Queue | Villager (Male) |
| 20:49 | Build | House |
| 20:50 | Build | House |
| 20:56 | Queue | Spearman |
| 21:00 | Queue | Spearman |
| 21:27 | Queue | Villager (Male) |
| 21:33 | Research | Sanctity |
| 21:56 | Queue | Spearman |
| 21:57 | Queue | Villager (Male) |
| 21:58 | Queue | Villager (Male) |
| 22:10 | Queue | Scorpion |
| 22:10 | Queue | Villager (Male) |
Match timeline
| 8:08 | jj1471 · age_up feudal |
| 8:44 | Ode · wall_segment Palisade Wall x2 |
| 8:46 | Ode · wall_segment Palisade Wall x6 |
| 8:49 | Ode · wall_segment Palisade Wall x3 |
| 8:56 | Ode · wall_segment Palisade Wall x6 |
| 9:00 | Ode · wall_segment Palisade Wall x7 |
| 9:32 | Ode · wall_segment Palisade Wall x1 |
| 10:10 | Ode · age_up feudal |
| 11:53 | Ode · wall_segment Stone Wall x1 |
| 11:54 | Ode · wall_segment Stone Wall x1 |
| 12:21 | Ode · wall_segment Stone Wall x4 |
| 12:29 | Ode · first_market_sell 100 food |
| 12:31 | Ode · first_market_buy 100 stone |
| 14:10 | Ode · age_up castle |
| 14:17 | Ode · first_building Siege Workshop |
| 16:05 | Ode · first_building Monastery |
| 16:24 | jj1471 · first_market_sell 100 stone |
| 16:26 | jj1471 · first_market_buy 100 food |
| 19:01 | Ode · wall_segment Stone Wall x1 |
| 19:14 | jj1471 · first_building Barracks |
| 19:33 | Ode · first_building Barracks |
| 20:00 | jj1471 · first_building Stable |
| 20:04 | jj1471 · age_up castle |
| 21:10 | jj1471 · first_building Castle |
| 22:16 | jj1471 · resign |
[ AI ANALYSIS · 1 CREDIT ]
What really happened in this match?
Wolo.gg analyzes every decision: build order, eco, micro, common mistakes by bracket. Personalized analysis on WhatsApp or Discord in 30 seconds.
Civ guide
Goths
Perfil
Jugador #233339